 Dungeon Crawl Stone Soup version 0.28.0-43-g3370ac3207 (webtiles) character file.

Game seed: 1526494452861403999

862 DearestLeader the Cleaver (level 7, 0/59 HPs)
             Began as a Minotaur Fighter on Mar 11, 2022.
             Slain by Eustachio
             ... wielding a +0 rapier
              (4 damage)
             ... on level 5 of the Dungeon.
             The game lasted 00:04:57 (3875 turns).

DearestLeader the Cleaver (Minotaur Fighter)        Turns: 3875, Time: 00:04:58

Health: 0/59       AC:  8    Str: 22    XL:     7   Next: 72%
Magic:  6/6        EV: 10    Int:  5    God:
Gold:   141        SH:  4    Dex: 10    Spells: 6/6 levels left

rFire   . . .      SeeInvis .   a - +0 war axe
rCold   . . .      Faith    .   c - +0 buckler
rNeg    . . .      Spirit   .   b - +0 scale mail
rPois   .          Reflect  .   (helmet restricted)
rElec   .          Harm     .   o - +0 cloak
rCorr   .          Rampage  .   (no gloves)
Will    .....                   (no boots)
Stlth   ..........              (no amulet)
HPRegen 0.19/turn               (no ring)
MPRegen 0.10/turn               (no ring)

@: brilliant
A: horns 2, retaliatory headbutt
a: no special abilities


You were on level 5 of the Dungeon.
You visited 1 branch of the dungeon, and saw 5 of its levels.

You collected 141 gold pieces.

Inventory:

Hand Weapons
 a - a +0 war axe (weapon)
 n - a +0 hunting sling
Missiles
 k - 2 throwing nets (quivered)
 w - 6 sling bullets
Armour
 b - a +0 scale mail (worn)
 c - a +0 buckler (worn)
 o - a +0 cloak (worn)
Jewellery
 r - a ring of willpower
 v - a +4 ring of evasion
Scrolls
 f - 2 scrolls of silence {unknown}
 g - 3 scrolls of blinking {unknown}
 h - 5 scrolls of identify {unknown}
 p - a scroll of magic mapping {unknown}
 q - 2 scrolls of enchant weapon {unknown}
 s - 4 scrolls of noise {unknown}
 t - a scroll of summoning {unknown}
Potions
 d - a potion of might
 e - a potion of curing
 i - 2 potions of brilliance
 j - a potion of attraction {unknown}
 l - 2 potions of magic {unknown}
 m - a potion of ambrosia {unknown}
 u - a potion of flight {unknown}
 x - 2 potions of lignification {unknown}
 z - a potion of degeneration {unknown}


   Skills:
 - Level 4.0 Fighting
 * Level 10.1 Axes
 - Level 4.0 Armour
 - Level 2.0 Dodging
 - Level 4.0 Shields


You had 6 spell levels left.
You didn't know any spells.
Your spell library contained the following spells:

 Spells                   Type           Power      Damage    Failure   Level
 Sandblast                Erth           0%         2d4       87%         1
 Passwall                 Tmut/Erth      0%         N/A       95%         2
 Conjure Flame            Conj/Fire      0%         6-21      99%         3
 Ignite Poison            Fire/Tmut/Pois 0%         N/A       99%         3
 Stone Arrow              Conj/Erth      0%         3d7       99%         3
 Sticky Flame             Conj/Fire      0%         2d3       100%        4


Dungeon Overview and Level Annotations

Branches:
Dungeon (5/15)
 Temple: D:4-7

Altars:
Elyvilon
Gozag
Nemelex Xobeh
Vehumet
Xom
Zin

Annotations:
D:3 3 runed translucent doors, Ablot's ghost, amateur GnWr
D:5 Eustachio


Innate Abilities, Weirdness & Mutations

You have a pair of horns on your head.
You reflexively headbutt those who attack you in melee.


Message History

You hit Eustachio but do no damage.
You headbutt Eustachio, but do no damage.
Eustachio is lightly wounded.
You miss the bat. The bat barely misses you. You block Eustachio's attack.
You closely miss Eustachio. Your headbutt misses Eustachio.
Eustachio is lightly wounded.
You barely miss the bat. The bat completely misses you.
Eustachio closely misses you.
You hit Eustachio.
Eustachio is moderately wounded.
Eustachio hits you but does no damage. The bat hits you.
* * * LOW HITPOINT WARNING * * *
You closely miss Eustachio.
Eustachio is moderately wounded.
You slash the bat!
You kill the bat!
The bat's corpse disappears in a puff of smoke!
You block Eustachio's attack.
You hit Eustachio but do no damage.
Eustachio is moderately wounded.
Eustachio casts a spell.
Unknown command.
It was a potion of curing.
You feel better. Eustachio closely misses you. The white imp gestures at you.
The puff of frost hits you.
* * * LOW HITPOINT WARNING * * *
It was a potion of brilliance.
You feel clever all of a sudden. Eustachio hits you with a +0 rapier.
* * * LOW HITPOINT WARNING * * *
The iron imp barely misses you. The white imp gestures at you.
The puff of frost hits you.
* * * LOW HITPOINT WARNING * * *
You miss Eustachio.
You headbutt Eustachio, but do no damage.
Eustachio is moderately wounded.
You slash the white imp! You barely miss the iron imp.
Eustachio hits you with a +0 rapier.
You die...

### ##...#....#
..###...<(#....#
.......^..#....# ....
...♣....###....###>.... .#
#.....###.............##.#
##...##........####.....#..
#.............## ...##..
###..###......5####.......
#.## ####....@55...#.#..
...# #...##@...#.........#.
.....
#...###.)......#........
.....# #..##
###...#.##..r..... ......
...# ##...##...........
..#..# #..#
#.......##........ ....
##......###........ ...
#......###(.)......
#.......####†).....


You could see Eustachio, 2 iron imps and a white imp (summoned).

Vanquished Creatures
  Sigmund (D:5)
  Blork the orc (D:4)
  3 scorpions (D:5)
  A water moccasin skeleton (D:5)
  A bullfrog zombie (D:5)
  A centaur zombie (D:5)
  3 hounds
  A jelly (D:4)
  Crazy Yiuf (D:4)
  A centaur skeleton (D:5)
  An iguana (D:5)
  A hound skeleton (D:4)
  An adder (D:2)
  7 gnolls (D:3)
  7 orcs
  6 ball pythons
  7 endoplasms
  3 giant cockroaches
  5 hobgoblins
  7 jackals
  6 quokkas
  6 bats
  A frilled lizard (D:1)
  2 goblins
  6 kobolds
  5 rats
85 creatures vanquished.

Notes
Turn   | Place    | Note
-------+----------+-------------------------------------------
     0 | D:1      | DearestLeader the Minotaur Fighter began the quest for the
                  | Orb.
     0 | D:1      | Reached XP level 1. HP: 19/19 MP: 0/0
   267 | D:1      | Reached XP level 2. HP: 23/27 MP: 1/1
   426 | D:1      | Reached skill level 3 in Axes
   466 | D:1      | Found a faded altar of an unknown god.
   723 | D:1      | Reached skill level 1 in Dodging
   863 | D:2      | Reached XP level 3. HP: 32/33 MP: 2/2
  1339 | D:3      | Found a glowing silver altar of Zin.
  1605 | D:3      | Reached XP level 4. HP: 31/40 MP: 3/3
  1606 | D:3      | Reached skill level 4 in Axes
  1854 | D:3      | Found a runed translucent gate.
  1854 | D:3      | Found a runed translucent gate.
  1854 | D:3      | Found a runed translucent gate.
  1854 | D:3      | Noticed Ablot's ghost (amateur GnWr)
  2606 | D:4      | Reached skill level 5 in Axes
  2675 | D:4      | Reached XP level 5. HP: 45/46 MP: 4/4
  2786 | D:4      | Found a runed translucent door.
  2787 | D:4      | Noticed Crazy Yiuf
  2793 | D:4      | Killed Crazy Yiuf
  2928 | D:4      | Noticed Blork the orc
  2937 | D:4      | Killed Blork the orc
  2938 | D:4      | Reached skill level 6 in Axes
  3031 | D:4      | Found an opulent altar of Gozag.
  3031 | D:4      | Found a white marble altar of Elyvilon.
  3032 | D:4      | Found a sparkling altar of Nemelex Xobeh.
  3047 | D:4      | Found a shimmering altar of Xom.
  3102 | D:4      | Found a radiant altar of Vehumet.
  3122 | D:4      | Reached XP level 6. HP: 52/52 MP: 5/5
  3193 | D:4      | Reached skill level 7 in Axes
  3484 | D:5      | Entered Level 5 of the Dungeon
  3516 | D:5      | Noticed Sigmund
  3533 | D:5      | Killed Sigmund
  3534 | D:5      | Reached skill level 8 in Axes
  3534 | D:5      | Reached XP level 7. HP: 10/59 MP: 6/6
  3547 | D:5      | Reached skill level 9 in Axes
  3823 | D:5      | Identified the +5 chain mail of the Wumpus {rF+}
  3831 | D:5      | Noticed Eustachio
  3842 | D:5      | Reached skill level 10 in Axes
  3875 | D:5      | Slain by Eustachio

Illustrated notes

Levels and vault maps discovered:
D:1:      eino_arrival_water_cross, layout_basic,
          chequers_ecumenical_altar_simple_redux, hangedman_decor_push,
          minmay_pentomino_z4
D:2:      layout_basic
D:3:      layout_basic, mainiacjoe_overflow_small_starburst,
          gammafunk_ghost_split
D:4:      layout_rooms, nicolae_overflow_quartered_altars,
          nicolae_vehumet_altar_sigil, minmay_fractal_squares_diagonal_5,
          uniq_blork_the_orc, uniq_crazy_yiuf_cottage
D:5:      layout_cave_pools, grunt_ministairs_12, minmay_tree_intersection,
          uniq_sigmund, uniq_eustachio, uniq_grinder

Skill      XL: |  1  2  3  4  5  6  7 |
---------------+----------------------+-----
Axes           | 3 5 6 8 10 | 10.1
Dodging        | 1 2 |  2.0
Fighting       | 4 |  4.0
Armour         | 4 |  4.0
Shields        | 4 |  4.0

Action                   |  1- 3 |  4- 6 |  7- 9 || total
-------------------------+-------+-------+-------++-------
Melee: War axe           |    72 |    92 |    39 ||   203
       Headbutt          |     4 |    14 |    11 ||    29
  Use: Potion            |       |       |     2 ||     2
Armor: Scale mail        |    33 |    44 |     9 ||    86
Dodge: Dodged            |    36 |    39 |    26 ||   101
Block: Buckler           |    17 |    14 |    14 ||    45
